 Dungeon Crawl Stone Soup version 0.32-a0-913-g739538afd8 (webtiles) character file.

Game seed: 7177789678426356777

256 Ruich the Shooter (level 6, -14/38 HPs)
             Began as a Gargoyle Monk on Apr 10, 2024.
             Was a Believer of Beogh.
             Demolished by an ogre
             ... wielding a +0 giant club
              (22 damage)
             ... on level 5 of the Dungeon.
             The game lasted 00:06:21 (3051 turns).

Ruich the Shooter (Gargoyle Monk)                   Turns: 3051, Time: 00:06:22

Health: -14/38     AC:  6    Str: 15    XL:     6   Next: 16%
Magic:  6/6        EV:  9    Int: 10    God:    Beogh [**....]
Gold:   138        SH:  8    Dex: 14    Spells: 5/5 levels left

rFire   . . .        f - +0 sling
rCold   . . .        g - +0 kite shield
rNeg    + + .        b - +0 robe
rPois   ∞            (no helmet)
rElec   +            (no cloak)
rCorr   .            (no gloves)
SInv    .            (no boots)
Will    .....        (no amulet)
Stlth   +            x - ring of wizardry
HPRegen 0.26/turn    u - ring of positive energy
MPRegen 0.10/turn

%: wizardry (x1)
@: no status effects
A: sickness immunity, AC +4, negative energy resistance 1, electricity
resistance, torment resistance 1, petrification resistance
a: Renounce Religion, Smiting


You were on level 5 of the Dungeon.
You worshipped Beogh.
Beogh was pleased with you.
You visited 1 branch of the dungeon, and saw 5 of its levels.

You collected 138 gold pieces.


Innate Abilities, Weirdness & Mutations

Your facial features look somewhat orcish.
You are immune to sickness and miasma.
Your stone body is resilient. (AC +4)
You are immune to poison.
You resist negative energy. (rN+)
You are resistant to electric shocks. (rElec)
You are resistant to unholy torment.
You are immune to petrification.


   Skills:
 + Level 3.9 Fighting
 - Level 3.1 Maces & Flails
 * Level 4.5 Ranged Weapons
 + Level 1.7 Armour
 - Level 2.4 Dodging
 + Level 1.7 Shields
 + Level 0.3 Invocations


You had 5 spell levels left.
You didn't know any spells.
Your spell library contained the following spells:

 Spells                   Type           Power      Damage    Failure   Level
 Freeze                   Ice            0%         1d3       43%         1
 Frozen Ramparts          Ice            0%         1d1       80%         3
 Hailstorm                Conj/Ice       0%         3d5       80%         3

Inventory:

Hand Weapons
 a - a +0 mace
 f - a +0 sling (weapon)
Armour
 b - a +0 robe (worn)
 g - a +0 kite shield (worn)
Jewellery
 l - an amulet of faith {!P}
 s - a ring of magical power
 u - a ring of positive energy (right hand)
 x - a ring of wizardry (left hand)
Scrolls
 i - 3 scrolls of summoning {unknown}
 j - a scroll of teleportation {unknown}
 m - 6 scrolls of identify {unknown}
 n - a scroll of poison {unknown}
 o - a scroll of silence {unknown}
 p - 2 scrolls of fear {unknown}
 r - a scroll of enchant weapon {unknown}
 t - a scroll of blinking {unknown}
 w - a scroll of vulnerability {unknown}
Potions
 c - a potion of ambrosia
 d - a potion of attraction {unknown}
 e - 2 potions of heal wounds {unknown}
 h - a potion of magic {unknown}
 k - a potion of cancellation {unknown}
 q - a potion of mutation {unknown}
 v - 2 potions of enlightenment {unknown}

Dungeon Overview and Level Annotations

Branches:
Dungeon (5/15) Zot: 26812
 Temple: D:4-7

Altars:

Annotations:
D:4 Dowan, Duvessa

.#####....#########
..........#
######..###
########..#
..........#
#########.#
######### #.#
........####.#
##$#..O@)....#
#.#######.# # #.#
#.# #.# #.. #c# ..#


You could see an ogre.


Message History

The sling bullet barely misses the centaur.
The centaur kicks you but does no damage.
* * * LOW HITPOINT WARNING * * *
You block the centaur's attack. The centaur kicks you.
* * * LOW HITPOINT WARNING * * *
Unknown command.
Fire: f) +0 sling
Press: ? - help, Q - select action, (/) - cycle Shift-Dir - straight line, f/p - centaur
Aim: a centaur (severely wounded, 70% to hit)
You shoot a sling bullet. The centaur is almost dead.
The centaur completely misses you. You block the centaur's attack. x2
You block the ogre's attack.
Fire: f) +0 sling
Press: ? - help, Q - select action, (/) - cycle Shift-Dir - straight line, f/p - centaur
Aim: a centaur (almost dead, 70% to hit)
You shoot a sling bullet. The centaur is almost dead.
The centaur barely misses you.
The centaur kicks you but does no damage.
The centaur barely misses you. You block the centaur's attack.
The ogre barely misses you.
Fire: f) +0 sling
Press: ? - help, Q - select action, (/) - cycle Shift-Dir - straight line, f/p - centaur
Aim: a centaur (almost dead, 70% to hit)
You shoot a sling bullet.
You kill the centaur!
Beogh accepts your kill.
Ouch! That really hurt!
You die...

Skill      XL: |  1  2  3  4  5 |
---------------+----------------+-----
Ranged Weapons | 1 2 3 4 |  4.5
Armour         | 1 |  1.7
Shields        | 1 |  1.7
Fighting       | |  3.9
Maces & Flails | |  3.1
Dodging        | |  2.4
Invocations    | |  0.3

Action                     |  1- 3 |  4- 6 || total
---------------------------+-------+-------++-------
  Melee: Mace              |     3 |       ||     3
   Fire: Sling             |   103 |   206 ||   309
 Invoke: Convert to Beogh  |       |     1 ||     1
    Use: Potion            |       |     1 ||     1
 Armour: Robe              |    47 |    80 ||   127
  Dodge: Dodged            |    33 |    80 ||   113
  Block: Kite shield       |    26 |    57 ||    83

Levels and vault maps discovered:
D:1:      sevenhm_arrival_forest_fort_large_2, layout_loops_ring
D:2:      layout_rooms
D:3:      layout_loops_cross, minmay_misc_feat_five
D:4:      layout_basic, kennysheep_generic_room_8, uniq_duvessa
D:5:      layout_loops_ring, minmay_temple_entry_ruins, minmay_mini_ossuary,
          uniq_sigmund, uniq_pikel, uniq_edmund, uniq_grinder

Notes
Turn   | Place    | Note
-------+----------+-------------------------------------------
     0 | D:1      | Ruich the Gargoyle Monk began the quest for the Orb.
     0 | D:1      | Reached XP level 1. HP: 14/14 MP: 1/1
   184 | D:1      | Reached skill level 1 in Ranged Weapons
   247 | D:1      | Reached XP level 2. HP: 19/19 MP: 2/2
   593 | D:1      | Reached skill level 2 in Ranged Weapons
   832 | D:2      | Reached XP level 3. HP: 23/23 MP: 3/3
  1141 | D:2      | Reached skill level 3 in Ranged Weapons
  1357 | D:3      | Reached XP level 4. HP: 28/28 MP: 4/4
  1949 | D:4      | Noticed Dowan
  1954 | D:4      | Noticed Duvessa
  2091 | D:4      | Noticed a scorpion
  2099 | D:4      | Killed a scorpion
  2100 | D:4      | Reached skill level 1 in Armour
  2100 | D:4      | Reached skill level 1 in Shields
  2100 | D:4      | Reached XP level 5. HP: 33/33 MP: 5/5
  2203 | D:4      | Reached skill level 4 in Ranged Weapons
  2581 | D:4      | Reached XP level 6. HP: 38/38 MP: 6/6
  2971 | D:5      | Entered Level 5 of the Dungeon
  2975 | D:5      | Became a worshipper of Beogh the Shepherd
  2975 | D:5      | Reached * piety under Beogh
  2975 | D:5      | Reached ** piety under Beogh
  3051 | D:5      | Demolished by an ogre

Vanquished Creatures
  A centaur (D:5)
  A scorpion (D:4)
  A jelly (D:5)
  An iguana (D:4)
  3 gnolls (D:4)
  2 adders (D:2)
  A dart slug (D:2)
  2 ribbon worms
  10 orcs
  3 ball pythons
  6 bats
  6 endoplasms
  7 giant cockroaches
  4 goblins (D:4)
  6 hobgoblins
  4 jackals (D:1)
  7 kobolds
  3 quokkas
  5 rats
73 creatures vanquished.

Table legend: (Time is in decaauts)
 A = Elapsed time spent in this place.
 B = Non-inter-level travel time spent in this place.
 C = Inter-level travel time spent in this place.
 D = Time resting spent in this place.
 E = Time spent auto-exploring this place.
 F = Levels seen in this place.
 G = Mean time per level.
                   A        B        C        D        E       F      G
               +--------+--------+--------+--------+--------+-----+--------+
         Total |   3186 |   3085 |    101 |    265 |   2009 |   5 |  637.2 |
       Dungeon |   3186 |   3085 |    101 |    265 |   2009 |   5 |  637.2 |
               +--------+--------+--------+--------+--------+-----+--------+

Top non-repeatable levels by time:
     D:4: 953 daAuts
     D:3: 835 daAuts
     D:1: 807 daAuts
     D:2: 503 daAuts
     D:5: 86 daAuts

Table legend:
 A = Non-vault XP
 B = Vault XP
 C = Vault XP percentage of total XP
 D = Non-vault monster count
 E = Vault monster count
 F = Vault count percentage of total count
                 A         B        C        D         E       F
            +---------+---------+-------+---------+---------+-------
      Total |     471 |       2 |   0.4 |      72 |       1 |   1.4
            +---------+---------+-------+---------+---------+-------
        D:1 |      30 |       0 |   0.0 |      16 |       0 |   0.0
        D:2 |      47 |       0 |   0.0 |      14 |       0 |   0.0
        D:3 |      41 |       0 |   0.0 |      17 |       0 |   0.0
        D:4 |     203 |       2 |   1.0 |      22 |       1 |   4.3
        D:5 |     150 |       0 |   0.0 |       3 |       0 |   0.0
            +---------+---------+-------+---------+---------+-------
